 Dungeon Crawl Stone Soup version 0.30-a0-996-ga6910c8ee8 (webtiles) character file.

Game seed: 17353611185901540540

27 PimpSugar the Magician (level 2, -2/20 HPs)
             Began as a Demonspawn Hedge Wizard on Apr 4, 2023.
             Slain by a gnoll
             ... wielding a +0 whip
              (4 damage)
             ... on level 2 of the Dungeon.
             The game lasted 00:02:56 (659 turns).

PimpSugar the Magician (Demonspawn Hedge Wizard)     Turns: 659, Time: 00:02:57

Health: -2/20      AC:  2    Str: 10    XL:     2   Next: 93%
Magic:  2/6        EV: 12    Int: 15    God:
Gold:   57         SH:  0    Dex: 12    Spells: 1/7 levels left

rFire   x . .      SeeInvis .    a - +0 dagger
rCold   + . .      Faith    .    (no shield)
rNeg    . . .      Spirit   .    b - +0 robe
rPois   .          Reflect  .    c - +0 hat
rElec   .          Rampage  .    (no cloak)
rCorr   .                        (no gloves)
Will    .....                    (no boots)
Stlth   ++                       (no amulet)
HPRegen 0.23/turn                k - ring of ice
MPRegen 0.10/turn                (no ring)

@: mighty
A: powered by pain 1
a: no special abilities


You were on level 2 of the Dungeon.
You visited 1 branch of the dungeon, and saw 2 of its levels.

You collected 57 gold pieces.

Inventory:

Hand Weapons
 a - a +0 dagger (weapon)
Missiles
 g - 7 stones
Armour
 b - a +0 robe (worn)
 c - a +0 hat (worn)
Jewellery
 k - a ring of ice (left hand)
Scrolls
 e - a scroll of enchant weapon {unknown}
 i - a scroll of brand weapon {unknown}
 j - 2 scrolls of teleportation {unknown}
Potions
 d - a potion of magic
 h - a potion of brilliance {unknown}
 l - a potion of heal wounds {unknown}


   Skills:
 + Level 0.4 Fighting
 + Level 2.0 Dodging
 + Level 2.0 Stealth
 * Level 3.2 Spellcasting
 * Level 1.5 Conjurations
 + Level 0.1 Hexes
 + Level 1.3 Summonings
 + Level 1.1 Translocations


You had one spell level left.
You knew the following spells:

 Your Spells              Type           Power      Damage    Failure   Level
a - Magic Dart            Conj           28%        1d4       11%         1
b - Call Imp              Summ           6%         N/A       17%         2
d - Slow                  Hex            8%         N/A       19%         1
e - Blink                 Tloc           10%        N/A       19%         2

Your spell library contained the following spells:

 Spells                   Type           Power      Damage    Failure   Level
 Cigotuvi's Dreadful Rot  Necr/Pois/Air  4%         N/A       30%         2
 Poisonous Vapours        Pois/Air       4%         N/A       30%         2
 Mephitic Cloud           Conj/Pois/Air  3%         N/A       43%         3
 Kindle Blastsparks       Fire/Tloc/Air  6%         2d10      45%         3
 Ignite Poison            Fire/Tmut/Pois 2%         N/A       52%         3
 Freezing Cloud           Conj/Ice/Air   2%         6-21      99%         5


Dungeon Overview and Level Annotations

Branches:
Dungeon (2/15)

Altars:


Innate Abilities, Weirdness & Mutations

You sometimes gain a little power by taking damage.


Message History

Your crimson imp disappears in a puff of smoke!
The gnoll barely misses you.
You barely miss the gnoll.
The gnoll is almost dead.
The gnoll closely misses you.
You hit the gnoll but do no damage. Your punch misses the gnoll.
The gnoll is almost dead.
The gnoll hits you with a +0 club.
You swap places.
The gnoll hits your crimson imp but does no damage.
Your crimson imp closely misses the gnoll.
The gnoll closely misses your crimson imp.
Your crimson imp blinks!
Casting: Call Imp (safe; 19% risk of failure)
Confirm with . or Enter, or press ? or * to list all spells.
Aiming: Magic Dart (safe; 12% risk of failure)
Press: ? - help, Shift-Dir - straight line, f/p - gnoll
Aim: a gnoll, wielding a +0 club (almost dead, ally target, 100% to hit)
The magic dart hits the gnoll.
You kill the gnoll!
Your Stealth skill increases to level 2!
Casting: Magic Dart (safe; 11% risk of failure)
Confirm with . or Enter, or press ? or * to list all spells.
Aiming: Slow (safe; 19% risk of failure)
Press: ? - help, Shift-Dir - straight line, f - gnoll
Aim: a gnoll, wielding a +0 whip (moderately wounded, ally target, chance to affect: 44%)
The gnoll seems to slow down.
The gnoll is no longer moving slowly.
Your crimson imp misses the gnoll.
Your crimson imp closely misses the gnoll.
Your crimson imp blinks!
The gnoll hits you with a +0 whip!
* * * LOW HITPOINT WARNING * * *
It was a potion of might.
You feel very mighty all of a sudden.
Your crimson imp disappears in a puff of smoke!
The gnoll closely misses you. x2
You puncture the gnoll!
You kill the gnoll!
The gnoll hits you with a +0 whip.
You die...

####.####..... #.# ...
#.# . #.# #.# ### ##
####.#### #.. .#
#.......# #.# .#
#.##.##.## #.#####.#.
#.##..@).#####.##....!.
#.#####g..).......##.#.
#.#####.######.......#
#.......# ########..
######### .. g. . .


You could see a gnoll.

Vanquished Creatures
  2 gnolls (D:2)
  A dart slug (D:1)
  A giant cockroach (D:1)
  A goblin (D:1)
  A hobgoblin (D:1)
  2 ball pythons (D:1)
  2 bats (D:1)
  A frilled lizard (D:1)
  A kobold (D:1)
  3 rats (D:1)
15 creatures vanquished.

Vanquished Creatures (collateral kills)
  A worm (D:2)
1 creature vanquished.

Grand Total: 16 creatures vanquished

Notes
Turn   | Place    | Note
-------+----------+-------------------------------------------
     0 | D:1      | PimpSugar the Demonspawn Hedge Wizard began the quest for
                  | the Orb.
     0 | D:1      | Reached XP level 1. HP: 13/13 MP: 4/4
   138 | D:1      | Reached skill level 1 in Translocations
   224 | D:1      | Gained mutation: You sometimes gain a little power by
                  | taking damage. [demonic ancestry]
   224 | D:1      | Reached XP level 2. HP: 19/19 MP: 3/6
   306 | D:1      | Learned a level 2 spell: Call Imp
   308 | D:1      | Learned a level 1 spell: Slow
   311 | D:1      | Learned a level 2 spell: Blink
   657 | D:2      | HP: 1/20 [gnoll/+0 whip (8)]
   659 | D:2      | Slain by a gnoll

Illustrated notes

Levels and vault maps discovered:
D:1:      dpeg_arrival_orchard, layout_rooms
D:2:      layout_loops_cross, ebering_ecumenical_altar_box, minmay_ruptured

Skill      XL: |  1  2 |
---------------+-------+-----
Translocations | 1 |  1.1
Dodging        | 2 |  2.0
Stealth        | 2 |  2.0
Fighting       | |  0.4
Spellcasting   | |  3.2
Conjurations   | |  1.5
Hexes          | |  0.1
Summonings     | |  1.3

Action                     || total
---------------------------++-------
  Melee: Dagger            ||    26
   Cast: Magic Dart        ||    26
         Call Imp          ||     3
         Slow              ||     1
    Use: Potion            ||     1
 Armour: Robe              ||     2
  Dodge: Dodged            ||    35

Table legend: (Time is in decaauts)
 A = Elapsed time spent in this place.
 B = Non-inter-level travel time spent in this place.
 C = Inter-level travel time spent in this place.
 D = Time resting spent in this place.
 E = Time spent auto-exploring this place.
 F = Levels seen in this place.
 G = Mean time per level.
                   A        B        C        D        E       F      G
               +--------+--------+--------+--------+--------+-----+--------+
         Total |    658 |    654 |      4 |     49 |    260 |   2 |  329.0 |
       Dungeon |    658 |    654 |      4 |     49 |    260 |   2 |  329.0 |
               +--------+--------+--------+--------+--------+-----+--------+

Top non-repeatable levels by time:
     D:1: 540 daAuts
     D:2: 117 daAuts
